 Dungeon Crawl Stone Soup version 0.27-a0-898-g810843a28d (webtiles) character file.

Game seed: 10440092491644542897

56824 funkygono the Eclecticist (level 14, -5/84 (88) HPs)
             Began as a Djinni Fire Elementalist on Apr 5, 2021.
             Was the Champion of Elyvilon.
             Killed by divine providence
             ... invoked by an orc priest
              (16 damage)
             ... on level 2 of the Orcish Mines.
             The game lasted 01:11:18 (31041 turns).

funkygono the Eclecticist (DjFE)                   Turns: 31041, Time: 01:11:18

HP:   -5/84 (88)    AC: 18    Str: 11    XL:     14   Next: 83%
Gold: 1837          EV: 18    Int: 27    God:    Elyvilon [******] SH: 21 Dex: 17

rFire    + + .     SeeInvis .   j - +4 dagger (protect)
rCold    x . .     Faith    .   p - +4 kite shield
rNeg     . . .     Spirit   .   z - +3 acid dragon scales
rPois    ∞         Reflect  +   n - +0 helmet
rElec    .         Harm     .   g - +2 cloak {rPois}
rCorr    +         Rampage  .   G - +1 pair of gloves
Will     +....                  (boots unavailable)
Stlth    ++........             A - amulet of reflection
HPRegen  0.24/turn              I - +4 ring of evasion
MPRegen  0.00/turn              y - ring "Curphoy" {Str+4 Int+6 Dex+2}

@: flying, lightly drained
A: fire resistance 2, cold vulnerability 1, float, innate caster, hp casting,
extra vitality 1
a: Renounce Religion, Lesser Healing, Heal Other, Purification, Greater Healing,
Divine Vigour, Divine Protection


You were on level 2 of the Orcish Mines.
You worshipped Elyvilon.
Elyvilon was exalted by your worship.
You visited 4 branches of the dungeon, and saw 19 of its levels.
You also visited: Ossuary.

You collected 1837 gold pieces.

Inventory:

Hand Weapons
 c - a +2 great sword of holy wrath
 j - a +4 dagger of protection (weapon)
Armour
 g - a +2 cloak of poison resistance (worn)
 n - a +0 helmet (worn)
 p - a +4 kite shield (worn)
 z - +3 acid dragon scales (worn)
 G - a +1 pair of gloves (worn)
Jewellery
 h - a ring of willpower
 m - a ring of resist corrosion
 y - the ring "Curphoy" (right hand) {Str+4 Int+6 Dex+2}
   (You found it on level 4 of the Dungeon)

   [ring of intelligence]

   It affects your strength (+4).
   It affects your intelligence (+6).
   It affects your dexterity (+2).
 A - an amulet of reflection (around neck)
 I - a +4 ring of evasion (left hand)
Wands
 s - a wand of iceblast (11)
 D - a wand of paralysis (28)
 H - a wand of flame (9)
 J - a wand of charming (34)
 M - a wand of mindburst (10)
Scrolls
 e - 2 scrolls of blinking
 l - 9 scrolls of teleportation
 r - 3 scrolls of fear
 w - 5 scrolls of magic mapping
 O - 4 scrolls of identify
 P - a scroll of fog
Potions
 b - 3 potions of invisibility
 i - 2 potions of ambrosia
 o - 2 potions of haste
 q - 5 potions of mutation
 t - 4 potions of might
 v - 5 potions of berserk rage
 x - 6 potions of curing
 C - 4 potions of resistance
 E - 2 potions of lignification
 F - 2 potions of attraction
 L - a potion of heal wounds


   Skills:
 + Level 3.7 Fighting
 + Level 2.4 Short Blades
 * Level 7.5 Armour
 + Level 7.1 Dodging
 - Level 1.5 Stealth
 + Level 12.9 Shields
 + Level 2.0 Unarmed Combat
 + Level 16.9 Spellcasting
 + Level 1.1 Invocations


You had 11 spell levels left.
You knew the following spells:

 Your Spells              Type           Power      Damage    Failure   Level
a - Foxfire               Conj/Fire      100%       2x1d9     0%          1
b - Conjure Flame         Conj/Fire      85%        6-21      0%          3
c - Inner Flame           Hex/Fire       85%        N/A       0%          3
d - Sticky Flame          Conj/Fire      85%        2d10      1%          4
e - Fireball              Conj/Fire      42%        3d17      1%          5
f - Apportation           Tloc           100%       N/A       0%          1
g - Wereblood             Tmut           85%        N/A       0%          2
h - Mephitic Cloud        Conj/Pois/Air  85%        N/A       0%          3
i - Vampiric Draining     Necr           42%        2d12      0%          3
j - Lee's Rapid Deconstr  Erth           42%        3d22*     1%          5
k - Hydra Form            Tmut           42%        N/A       1%          5
Your spell library was empty.

Dungeon Overview and Level Annotations

Branches:
Dungeon (10/15)            Temple (1/1) D:4            Lair (6/6) D:10
  Swamp (0/4) Lair:3        Snake (0/4) Lair:3        Slime (0/5) Lair:6
    Orc (2/2) D:9         Ossuary (visited)
    Elf: Orc:2

Altars:
Ashenzari
Cheibriados
Dithmenos
Elyvilon
Fedhas
Gozag
Hepliaklqana
Kikubaaqudgha
Makhleb
Nemelex Xobeh
Okawaru
Qazlal
Ru
Sif Muna
Trog
Uskayaw
Vehumet
Wu Jian
Xom
Yredelemnul
Zin
The Shining One
Jiyva

Shops:
D:5 ?((   D:7 (   D:8 (

Annotations:
D:3 3 runed translucent doors, sastreii's ghost, amateur NaGl
D:6 1 runed translucent door, MirrMurr's ghost, novice GnIE
Orc:2 Josephine


Innate Abilities, Weirdness & Mutations

You are immune to poison.
Your flesh is very heat resistant. (rF++)
You are vulnerable to cold. (rC-)
You float through the air rather than walking.
You learn spells naturally, not from books.
Your magical power is your life essence.
You have superior vitality. (+4 HP)


Message History

Aim: Josephine, wielding a +0 dagger and wearing a +2 robe of fire resistance (moderately wounded)
The fireball explodes!
The fireball engulfs Josephine.
Josephine resists.
Josephine is heavily wounded.
The fireball engulfs the wraith!!
You destroy the wraith!
You hear a shout! x2
An orc wizard comes into view. It is wielding a +0 dagger.
An orc priest comes into view. It is wielding a +0 whip.
An orc priest comes into view. It is wielding a +0 hand axe of venom.
The orc priest complains noisily, as Orcs often do.
The orc priest begins to cast a cantrip, but forgets the words!
Josephine says, "I'll make a rug of your skin."
The orc priest invokes the aid of Beogh against you.
Beogh smites you!
The orc priest calls down the wrath of Beogh upon you.
Beogh smites you!
The orc priest calls upon Beogh to heal the orc warrior.
The orc warrior is healed somewhat.
The orc priest mumbles some strange prayers to Beogh against you.
Beogh smites you! Josephine casts a spell at you.
The ghostly flame explodes!
The ghostly fireball engulfs you!!
You feel drained.
* * * LOW HITPOINT WARNING * * *
You hear a shout! x2
You feel much better.
The orc priest invokes the aid of Beogh against you.
Beogh smites you!
* * * LOW HITPOINT WARNING * * *
Josephine grinds her teeth.
The orc priest mumbles some strange prayers to Beogh against you.
Beogh smites you!
* * * LOW HITPOINT WARNING * * *
The orc priest looks encouraged for a moment.
The orc priest calls upon Beogh to heal the orc warrior.
The orc warrior is healed somewhat.
An ogre comes into view. It is wielding a +0 giant club.
The orc priest calls down the wrath of Beogh upon you.
Beogh smites you!
You die...

... . #....#.### #.W. .
##.......## ...h.###.
###.#....#### ##...#..#####
######.###.## ...O.....##.##
##.####.#....#
.....#.W##o..######...#.......##
.......).o.o.....###.#..))).###
.......Wohoo..@..###.##.#)###
###.###..######@.##...##...# #
#..# #..###.##...## #o.#
#..##.......# ### .o.#
#..........#####.# ....#
###...)..<.[.#.##... .8....
..........[.........#
#'###.....)......##..#
#..O.)..#..[##....
#.................


You could see Josephine, a warg, an orc warrior, an ogre (wandering) and 5 orc
priests.

Vanquished Creatures
  Jorgrun (Orc:2)
  Nessos (Lair:6)
  5 hydras
  A boulder beetle (D:9)
  2 catoblepae
  2 death yaks (Lair:6)
  3 two-headed ogres
  A tengu warrior (D:9)
  4 orc high priests
  A deep troll shaman (Lair:6)
  Urug (Lair:5)
  An orc sorcerer (Orc:2)
  A lindwurm (Lair:5)
  A cyclops (D:9)
  3 oklob plants (Lair:2)
  13 elephants
  An ugly thing (D:9)
  2 torpor snails
  3 black mambas
  15 cane toads
  5 rime drakes
  6 komodo dragons
  2 trolls
  A polar bear (Lair:6)
  28 blink frogs
  4 dream sheep
  A hornet (D:9)
  4 wyverns
  A vampire (D:9)
  3 wraiths
  53 yaks
  6 basilisks
  A steam dragon (Lair:4)
  Grum (D:10)
  Menkaure (D:6)
  4 wargs
  2 acid dragons
  23 water moccasins
  3 orc warriors
  2 necrophages
  2 black bears
  5 ogres
  A sky beast (D:7)
  9 wolves
  4 centaurs
  2 kobold brigands
  10 bullfrogs
  2 gnoll sergeants (D:8)
  4 water moccasin zombies (Ossuary)
  3 scorpions
  7 killer bees (D:9)
  7 wights
  A bullfrog zombie (D:6)
  A bullfrog skeleton (D:6)
  6 hounds
  2 gnoll shamans (D:8)
  17 orc priests
  A centaur skeleton (D:6)
  5 iguanas
  6 orc wizards
  A hound skeleton (D:5)
  A hound zombie (D:5)
  2 mummies (Ossuary)
  8 gnolls
  12 adders
  An ufetubus (D:5)
  3 adder zombies (Ossuary)
  A dart slug (D:1)
  38 orcs
  3 endoplasms
  4 giant cockroaches
  4 gnoll zombies (Ossuary)
  6 goblins
  13 hobgoblins
  6 jackals
  16 kobolds
  4 quokkas
  8 ball pythons
  3 bats
  3 frilled lizards
  4 hobgoblin zombies (Ossuary)
  6 kobold zombies (Ossuary)
  3 orc zombies (Ossuary)
  2 rats (D:1)
  A bush (Lair:4)
461 creatures vanquished.

Vanquished Creatures (collateral kills)
  67 foxfires
67 creatures vanquished.

Vanquished Creatures (others)
  A kobold brigand (D:10)
  An adder zombie (Ossuary)
  A kobold zombie (Ossuary)
  2253 foxfires
  45 fungi
  101 plants
2402 creatures vanquished.

Grand Total: 2930 creatures vanquished

Notes
Turn   | Place    | Note
-------+----------+-------------------------------------------
     0 | D:1      | funkygono the Djinni Fire Elementalist began the quest for
                  | the Orb.
     0 | D:1      | Reached XP level 1. HP: 15/15 MP: 0/0
    80 | D:1      | Reached skill level 3 in Spellcasting
    86 | D:1      | Reached XP level 2. HP: 12/21 MP: 0/0
   802 | D:1      | Found a faded altar of an unknown god.
  1229 | D:2      | Reached XP level 3. HP: 22/25 MP: 0/0
  1229 | D:2      | Learned a level 1 spell: Apportation
  2390 | D:3      | Found a burning altar of Makhleb.
  2431 | D:3      | Found a runed translucent gate.
  2432 | D:3      | Found a runed translucent gate.
  2433 | D:3      | Found a runed translucent gate.
  2434 | D:3      | Noticed sastreii's ghost (amateur NaGl)
  2613 | D:3      | Reached skill level 4 in Spellcasting
  2613 | D:3      | Reached XP level 4. HP: 11/31 MP: 0/0
  3106 | D:3      | Reached XP level 5. HP: 32/36 MP: 0/0
  3106 | D:3      | Learned a level 2 spell: Wereblood
  3500 | D:4      | Found a sand-covered staircase.
  3507 | Ossuary  | Entered an ossuary
  3997 | Ossuary  | Reached skill level 5 in Spellcasting
  4059 | Ossuary  | Reached XP level 6. HP: 34/41 MP: 0/0
  4641 | D:4      | Reached skill level 6 in Spellcasting
  4643 | D:4      | Reached skill level 1 in Fighting
  4934 | D:4      | Identified the ring "Curphoy" {Str+4 Int+6 Dex+2}
  5007 | D:4      | Reached XP level 7. HP: 44/47 MP: 0/0
  5007 | D:4      | Learned a level 3 spell: Mephitic Cloud
  5453 | D:4      | Found a staircase to the Ecumenical Temple.
  5575 | Temple   | Entered the Ecumenical Temple
  5785 | Temple   | Became a worshipper of Elyvilon the Healer
  5803 | D:4      | Identified a scroll of acquirement
  5803 | D:4      | Acquired a +2 cloak of poison resistance
  5840 | D:5      | Entered Level 5 of the Dungeon
  5958 | D:5      | Found Amiank's Weapon Boutique.
  5959 | D:5      | Found Bolemoq's Magic Scroll Emporium.
  6127 | D:5      | Reached * piety under Elyvilon
  6281 | D:5      | Reached skill level 7 in Spellcasting
  6733 | D:5      | Found Xuof Nunn's Weapon Boutique.
  7056 | D:6      | Reached XP level 8. HP: 49/52 MP: 0/0
  7115 | D:6      | Reached skill level 8 in Spellcasting
  7556 | D:6      | Reached ** piety under Elyvilon
  7618 | D:6      | Noticed Menkaure
  7622 | D:6      | Killed Menkaure
  7729 | D:6      | Identified the +1 pair of boots of Syagur {rF+ Regen+ Int-5
                  | Dex+4 Stlth+}
  8061 | D:6      | Reached skill level 1 in Shields
  8067 | D:6      | Reached skill level 9 in Spellcasting
  8251 | D:6      | Found a runed translucent door.
  8253 | D:6      | Noticed MirrMurr's ghost (novice GnIE)
  8464 | D:6      | Acquired a manual of Shields
  8754 | D:7      | Reached XP level 9. HP: 52/58 MP: 0/0
  8754 | D:7      | Learned a level 3 spell: Vampiric Draining
  8811 | D:7      | Found Uburph's Antique Weapon Shoppe.
  8813 | D:7      | Reached *** piety under Elyvilon
  9231 | D:8      | Found a shimmering altar of Xom.
  9231 | D:8      | Found Qaorhakk's Antique Weapon Shop.
  9232 | D:8      | Found an iron altar of Okawaru.
  9560 | D:7      | Reached skill level 1 in Short Blades
  9560 | D:7      | Reached skill level 10 in Spellcasting
 10018 | D:8      | Reached **** piety under Elyvilon
 10847 | D:8      | Reached XP level 10. HP: 56/65 MP: 0/0
 11406 | D:9      | Found a basalt altar of Yredelemnul.
 11441 | D:9      | Reached skill level 5 in Shields
 11441 | D:9      | Reached skill level 11 in Spellcasting
 11848 | D:9      | Noticed a tengu warrior
 11848 | D:9      | Noticed a brown ugly thing
 11858 | D:9      | Killed a tengu warrior
 11880 | D:9      | Killed a brown ugly thing
 12084 | D:9      | Noticed a cyclops
 12084 | D:9      | Noticed a seven-headed hydra
 12095 | D:9      | Killed a cyclops
 12110 | D:9      | Killed a seven-headed hydra
 12111 | D:9      | Reached skill level 12 in Spellcasting
 12513 | D:9      | Reached XP level 11. HP: 58/70 MP: 0/0
 12513 | D:9      | Learned a level 5 spell: Lee's Rapid Deconstruction
 12644 | D:9      | Noticed a boulder beetle
 12700 | D:9      | Killed a boulder beetle
 12701 | D:9      | Reached skill level 1 in Armour
 13001 | D:9      | Found a staircase to the Orcish Mines.
 13515 | D:9      | Reached skill level 13 in Spellcasting
 13933 | D:9      | Noticed a two-headed ogre
 13950 | D:9      | Killed a two-headed ogre
 14135 | D:10     | Entered Level 10 of the Dungeon
 14135 | D:10     | Noticed a two-headed ogre
 14141 | D:10     | Killed a two-headed ogre
 14312 | D:10     | Found a hazy altar of Hepliaklqana.
 14334 | D:10     | Reached ***** piety under Elyvilon
 14335 | D:10     | Noticed Grum
 14357 | D:10     | Killed Grum
 14947 | D:10     | Noticed a two-headed ogre
 14957 | D:10     | Killed a two-headed ogre
 15002 | D:10     | Found a staircase to the Lair.
 15241 | Lair:1   | Entered Level 1 of the Lair of Beasts
 15343 | Lair:1   | Found a gate leading to a gauntlet.
 15358 | Lair:1   | Reached XP level 12. HP: 71/76 MP: 0/0
 15417 | Lair:1   | Noticed a six-headed hydra
 15435 | Lair:1   | Killed a six-headed hydra
 15897 | Lair:1   | Reached skill level 14 in Spellcasting
 16701 | Lair:2   | Reached skill level 5 in Dodging
 17191 | Lair:2   | Reached skill level 10 in Shields
 17496 | Lair:2   | Reached ****** piety under Elyvilon
 19099 | Lair:3   | Found a staircase to the Swamp.
 19667 | Lair:3   | Reached skill level 15 in Spellcasting
 19860 | Lair:3   | Reached XP level 13. HP: 68/81 MP: 0/0
 19860 | Lair:3   | Learned a level 5 spell: Hydra Form
 20239 | Lair:3   | Found a staircase to the Snake Pit.
 22737 | Lair:5   | Noticed Urug
 22738 | Lair:5   | Reached skill level 1 in Unarmed Combat
 23028 | Lair:5   | HP: 4/82 [Urug/silver javelin (6)]
 23345 | Lair:5   | Killed Urug
 24350 | Lair:6   | Entered Level 6 of the Lair of Beasts
 24689 | Lair:5   | Reached skill level 5 in Armour
 24689 | Lair:5   | Reached skill level 16 in Spellcasting
 25077 | Lair:6   | Noticed Nessos
 25444 | Lair:6   | Killed Nessos
 25473 | Lair:5   | Reached XP level 14. HP: 60/87 MP: 0/0
 25747 | Lair:6   | Found a viscous altar of Jiyva.
 25747 | Lair:6   | Found a staircase to the Slime Pits.
 27187 | Lair:6   | Reached skill level 1 in Invocations
 28269 | Lair:6   | Identified the +5 hand axe of Causality {vorpal, rPois rC++
                  | Str-4 Dex+2}
 28493 | Orc:1    | Entered Level 1 of the Orcish Mines
 29005 | Orc:2    | Entered Level 2 of the Orcish Mines
 29660 | Orc:2    | Noticed Jorgrun
 29670 | Orc:2    | Killed Jorgrun
 31025 | Orc:2    | Noticed Josephine
 31037 | Orc:2    | HP: 4/84 [Josephine/ghostly fireball (24)]
 31041 | Orc:2    | Killed from afar by an orc priest

Illustrated notes

Levels and vault maps discovered:
D:1:      beargit_arrival_greenhouse, layout_basic, basic_ecumenical_altar,
          amcnicky_mini_pool_small, chequers_hall_statues_y
D:2:      layout_basic, chequers_arboretum
D:3:      layout_basic, lightli_temple_of_fire, lemuel_tele_altar,
          ebering_ghost_rock_garden
D:4:      layout_loops_ring, minmay_temple_entry_drinking_statues,
          chequers_ossuary_entry_cave, kennysheep_generic_room_10
D:5:      layout_basic, serial_shops, kennysheep_mini, shop, shop
D:6:      layout_loops_ring, ebering_ghost_sewer_d, minmay_starry_boxes,
          uniq_menkaure
D:7:      layout_basic, serial_shops, nicolae_shop_stone
D:8:      kennysheep_housing_project, layout_loops_corners,
          grunt_temple_overflow_open, serial_shops, shop, skrybe_limestone_x
D:9:      layout_loops_cross, general_overflow_altar, david_orc_2,
          minmay_shattered_shrine
D:10:     layout_cave_pools, lemuel_crystal_altar, lair_entry_dummy, uniq_grum
Temple:   eino_temple_rhombus
Lair:1:   wander_river, layout_small_grid, gauntlet_entry_generic, st_stairs_5,
          minmay_holes, serial_bayou_ford_a
Lair:2:   layout_regular_city, minmay_lair_oklob_chamber, grunt_megastairs_1
Lair:3:   layout_regular_city, swamp_mist, minmay_snake_entry_six_corridors,
          serial_bayou_shore_a, infiniplex_staircase_pool
Lair:4:   layout_long_grid, nicolae_volcano_entry_two_sided,
          guppyfry_lair_drakes
Lair:5:   layout_small_grid, uniq_urug
Lair:6:   grunt_lair_end_beastmaster, layout_cave_shapes,
          dpeg_slime_entry_enclosed_altar, serial_bayou_shore_b,
          infiniplex_staircase_pool_2, lemuel_fruit_tree, uniq_nessos
Orc:1:    layout_diamond_mine, gammafunk_ghost_smash, bloody_makhleb
Orc:2:    st_orc_town, layout_caves, special_room, okawaru_metal_pillars_1_2,
          uniq_jorgrun, uniq_josephine

Skill      XL: |  1  2  3  4  5  6  7  8  9 10 11 12 13 14 |
---------------+-------------------------------------------+-----
Spellcasting   | 3 4 5 6 7 9 10 12 13 15 16 | 16.9
Dodging        | 3 4 5 6 7 |  7.1
Fighting       | 1 2 3 |  3.7
Shields        | 1 4 6 9 10 12 | 12.9
Short Blades   | 1 2 |  2.4
Armour         | 2 3 5 7 |  7.5
Unarmed Combat | 2 |  2.0
Invocations    | 1 |  1.1
Stealth        | |  1.5

Action                   |  1- 3 |  4- 6 |  7- 9 | 10-12 | 13-15 || total
-------------------------+-------+-------+-------+-------+-------++-------
Melee: Dagger            |     3 |     1 |    31 |    28 |    37 ||   100
       Unarmed           |       |       |       |       |    22 ||    22
 Cast: Foxfire           |    58 |   109 |   228 |   510 |   417 ||  1322
       Conjure Flame     |     1 |       |     3 |    22 |     5 ||    31
       Sticky Flame      |       |     1 |     9 |    60 |   125 ||   195
       Mephitic Cloud    |       |       |     3 |       |     7 ||    10
       Lee's Rapid Decon |       |       |       |     8 |       ||     8
       Fireball          |       |       |       |     5 |    34 ||    39
       Hydra Form        |       |       |       |       |     3 ||     3
       Inner Flame       |       |       |       |       |     2 ||     2
       Apportation       |       |       |       |       |     1 ||     1
Invok: Lesser Healing    |       |       |     1 |       |     3 ||     4
       Greater Healing   |       |       |       |       |     2 ||     2
  Use: Scroll            |     7 |     3 |    21 |     7 |     2 ||    40
       Potion            |       |       |       |       |     5 ||     5
 Stab: Sleeping          |     1 |       |       |       |       ||     1
Armor: Robe              |     2 |     8 |    13 |     2 |       ||    25
       Acid dragon scale |       |       |       |    43 |    63 ||   106
       Skin              |       |       |       |       |     6 ||     6
Dodge: Dodged            |     9 |    33 |    37 |    46 |   108 ||   233
Block: Kite shield       |       |       |    37 |   138 |   279 ||   454
       Other             |       |       |     2 |       |     5 ||     7
       Reflection        |       |       |     1 |     8 |     5 ||    14

Table legend: (Time is in decaauts)
 A = Elapsed time spent in this place.
 B = Non-inter-level travel time spent in this place.
 C = Inter-level travel time spent in this place.
 D = Time resting spent in this place.
 E = Time spent auto-exploring this place.
 F = Levels seen in this place.
 G = Mean time per level.
                   A        B        C        D        E       F      G
               +--------+--------+--------+--------+--------+-----+--------+
         Total |  31090 |  30345 |    745 |   4839 |  21224 |  20 | 1554.5 |
       Dungeon |  14057 |  13711 |    346 |    877 |  10911 |  10 | 1405.7 |
        Temple |    216 |    210 |      6 |      0 |    168 |   1 |  216.0 |
          Lair |  13157 |  12765 |    392 |   2251 |   8657 |   6 | 2192.8 |
  Orcish Mines |   2554 |   2554 |      0 |   1711 |    527 |   2 | 1277.0 |
       Ossuary |   1103 |   1103 |      0 |      0 |    961 |   1 | 1103.0 |
               +--------+--------+--------+--------+--------+-----+--------+

Top non-repeatable levels by time:
  Lair:5: 3273 daAuts
     D:9: 2784 daAuts
  Lair:2: 2514 daAuts
  Lair:6: 2352 daAuts
     D:8: 1935 daAuts
  Lair:4: 1865 daAuts
   Orc:1: 1837 daAuts
  Lair:3: 1694 daAuts
     D:6: 1591 daAuts
  Lair:1: 1458 daAuts
     D:4: 1252 daAuts
    D:10: 1197 daAuts
     D:2: 1118 daAuts
 Ossuary: 1103 daAuts
     D:5: 1099 daAuts
